 Dungeon Crawl Stone Soup version 0.31-a0-876-gfe8ebadbca (webtiles) character file.

Game seed: 10526232361937126053

128 CowFu the Ruffian (level 4, -7/35 HPs)
             Began as a Draconian Shapeshifter on Oct 14, 2023.
             Splashed by a jelly's acid (10 damage)
             ... on level 4 of the Dungeon.
             The game lasted 00:02:27 (2467 turns).

CowFu the Ruffian (Draconian Shapeshifter)          Turns: 2467, Time: 00:02:27

Health: -7/35      AC: -3    Str: 17 (18) XL:     4   Next: 87%
Magic:  4/4        EV: 12    Int: 10 (11) God:
Gold:   160        SH:  0    Dex:  9 (10) Spells: 3/3 levels left

rFire   + .          .
                       - Unarmed
rCold   . . .        (no shield)
rNeg    . . .        (body armour unavailable)
rPois   .            (helmet currently unavailable)
rElec   .            (cloak currently unavailable)
rCorr   .            (gloves currently unavailable)
SInv    .            (boots currently unavailable)
Will    .....        (no amulet)
Stlth   +            g - ring of protection from fire
HPRegen 0.25/turn    (no ring)
MPRegen 0.09/turn

%: no passive effects
@: beast-form, corroded
A: beast (slay +2), AC +5, unfitting armour, cold-blooded
a: Begin Untransformation


You were on level 4 of the Dungeon.
You were a hulking beast.
You visited 1 branch of the dungeon, and saw 4 of its levels.

You collected 160 gold pieces.

Inventory:

Missiles
 o - 5 curare-tipped darts
Jewellery
 g - a ring of protection from fire (left hand)
 m - an amulet of faith
Talismans
 b - a beast talisman (active)
 c - a flux talisman
 t - a maw talisman
Scrolls
 e - 2 scrolls of teleportation {unknown}
 h - a scroll of enchant weapon {unknown}
 i - 4 scrolls of identify {unknown}
 j - a scroll of brand weapon {unknown}
 l - a scroll of amnesia {unknown}
 n - a scroll of noise {unknown}
 p - a scroll of revelation {unknown}
 q - 2 scrolls of fog {unknown}
 s - a scroll of immolation {unknown}
Potions
 a - 2 potions of lignification
 r - a potion of haste {unknown}


   Skills:
 - Level 1.1 Fighting
 - Level 1.7 Dodging
 + Level 4.5 Unarmed Combat
 + Level 4.2 Shapeshifting


You had 3 spell levels left.
You didn't know any spells.
Your spell library was empty.

Dungeon Overview and Level Annotations

Branches:
Dungeon (4/15)
 Temple: D:4-7

Altars:
Elyvilon
Kikubaaqudgha
Sif Muna


Innate Abilities, Weirdness & Mutations

You are a hulking beast.
Your limbs bulge with bestial killing power. (Slay +2)
Your plain brown scales are hard. (AC +5)
You cannot fit into any form of body armour.
You are cold-blooded and may be slowed by cold attacks.


Message History

The shadow imp closely misses you.
You barely miss the shadow imp. You tail-slap the shadow imp.
The shadow imp is severely wounded.
The shadow imp hits you.
You punch the shadow imp!
You kill the shadow imp!
You hit the jelly.
Your hands burn!
The jelly is lightly wounded.
The jelly closely misses you.
You hit the jelly. The acid corrodes you!
Your hands burn!
The jelly is heavily wounded.
The jelly hits you.
You are splashed with acid!
* * * LOW HITPOINT WARNING * * *
You are too injured to fight recklessly!
You are too injured to fight recklessly!
You are too injured to fight recklessly!
You are too injured to fight recklessly!
You are too injured to fight recklessly!
You are too injured to fight recklessly!
You are too injured to fight recklessly!
You are too injured to fight recklessly!
You are too injured to fight recklessly!
You are too injured to fight recklessly!
You are too injured to fight recklessly!
You are too injured to fight recklessly!
You are too injured to fight recklessly!
You are too injured to fight recklessly!
You are too injured to fight recklessly!
You are too injured to fight recklessly!
It was a potion of degeneration.
There was something very wrong with that liquid.
You feel weakened.
You feel dopey.
You feel clumsy. The jelly hits you but does no damage.
You hit the jelly. The acid corrodes you!
Your hands burn!
* * * LOW HITPOINT WARNING * * *
The jelly is heavily wounded.
The jelly hits you.
* * * LOW HITPOINT WARNING * * *
The acid corrodes you!
You are splashed with acid!
You die...

###### ##.....#..
##.........
#.......... #
###.......... #..
............
#....#####..........
...$....hJ..........
..########..<.......
##.......).
##.....#.. #######


You could see a jelly.

Vanquished Creatures
  Jessica (D:3)
  4 adders
  A shadow imp (D:4)
  A worm (D:3)
  2 dart slugs
  An orc (D:3)
  5 ball pythons
  2 bats
  2 endoplasms (D:3)
  2 giant cockroaches
  4 goblins (D:1)
  4 hobgoblins
  8 jackals
  4 kobolds
  2 quokkas
  3 frilled lizards
  4 rats
50 creatures vanquished.

Notes
Turn   | Place    | Note
-------+----------+-------------------------------------------
     0 | D:1      | CowFu the Draconian Shapeshifter began the quest for the
                  | Orb.
     0 | D:1      | Reached XP level 1. HP: 16/16 MP: 1/1
   188 | D:1      | Reached XP level 2. HP: 23/23 MP: 2/2
   625 | D:2      | Reached XP level 3. HP: 27/28 MP: 3/3
   955 | D:2      | Found an ancient bone altar of Kikubaaqudgha.
  1349 | D:3      | Reached XP level 4. HP: 35/35 MP: 4/4
  1350 | D:3      | Found a white marble altar of Elyvilon.
  2007 | D:3      | Noticed Jessica
  2041 | D:3      | Found a shimmering blue altar of Sif Muna.
  2074 | D:3      | Killed Jessica
  2467 | D:4      | Splashed by a jelly's acid

Illustrated notes

Levels and vault maps discovered:
D:1:      roderic_dead_forest, layout_basic, grunt_decor_resistance
D:2:      layout_loops_ring, basic_altar
D:3:      layout_loops_corners, elyvilon_altar_5, tgw_sif
D:4:      layout_rooms, okawaru_ov_weapons_minmay, mainiacjoe_overflow_brackets,
          minmay_temple_entry_glassed_door, serial_shops, shop, uniq_sigmund

Skill      XL: |  1  2  3  4 |
---------------+-------------+-----
Unarmed Combat | 4 |  4.5
Shapeshifting  | 4 |  4.2
Fighting       | |  1.1
Dodging        | |  1.7

Action                     |  1- 3 |  4- 6 || total
---------------------------+-------+-------++-------
  Melee: Unarmed           |    88 |    40 ||   128
         Tailslap          |    14 |     7 ||    21
         Punch             |     2 |     1 ||     3
    Use: Potion            |       |     3 ||     3
   Stab: Sleeping          |     2 |       ||     2
 Armour: Skin              |    43 |    23 ||    66
  Dodge: Dodged            |    54 |    22 ||    76

Table legend: (Time is in decaauts)
 A = Elapsed time spent in this place.
 B = Non-inter-level travel time spent in this place.
 C = Inter-level travel time spent in this place.
 D = Time resting spent in this place.
 E = Time spent auto-exploring this place.
 F = Levels seen in this place.
 G = Mean time per level.
                   A        B        C        D        E       F      G
               +--------+--------+--------+--------+--------+-----+--------+
         Total |   2461 |   2352 |    109 |      0 |   1983 |   4 |  615.2 |
       Dungeon |   2461 |   2352 |    109 |      0 |   1983 |   4 |  615.2 |
               +--------+--------+--------+--------+--------+-----+--------+

Top non-repeatable levels by time:
     D:3: 1153 daAuts
     D:2: 677 daAuts
     D:1: 616 daAuts
     D:4: 13 daAuts
